cohdb
Replays
Latest Replays
All Replays
Popular Replays
Top Player Replays
Match Explorer
How It Works
Community
CoH3 Stats
Reddit
Sign in to upload your games and track your stats! →
Sign in with Steam
Match 26239052
Unlisted
Match 26239052
Overview
Messages
Build Orders
End
Construct Infanterie Kompanie
Selects Breakthrough Battlegroup
Grenadier Squad
Kettenkrad Recon Vehicle
MG 42 Machine Gun Team
Grenadier Squad
Selects Assault Grenadiers
MG 42 Machine Gun Team
Construct Panzergrenadier Kompanie
Panzergrenadier Squad
Selects Rapid Production
GrW 34 Mortar Team
Medical Bunker
Pak 40 Anti-tank Gun Team
Construct Panzer Kompanie
Selects Smoke Bombing Run
Stoßtruppen Squad
Selects Blitzkrieg
Panzer IV Medium Tank
Pioneer Squad
Wrathment
Rubee
0
0
Comments
sign in to comment!
No comments posted yet!